 Dungeon Crawl Stone Soup version 0.22-a0-412-g2b68d14 (webtiles) character file.

395 Borgoz the Skirmisher (level 6, 0/39 HPs)
             Began as a Gargoyle Abyssal Knight on May 12, 2018.
             Was a Believer of Lugonu.
             Slain by Pikel
             ... wielding a +0 whip of freezing
              (6 damage)
             ... on level 4 of the Dungeon.
             The game lasted 00:06:53 (4029 turns).

Borgoz the Skirmisher (Gargoyle Abyssal Knight)     Turns: 4029, Time: 00:06:54

Health: 0/39       AC: 14    Str: 14 (16) XL:     6   Next: 82%
Magic:  8/8        EV: 11    Int:  9 (12) God:    Lugonu [**....]
Gold:   207        SH:  3    Dex: 10 (11) Spells: 5/5 levels left

rFire    . . .     SeeInvis .   a - +1 hand axe
rCold    + . .     Gourm    .   (no shield)
rNeg     + . .     Faith    .   l - +3 ring mail
rPois    ∞         Spirit   .   (no helmet)
rElec    +         Reflect  +   k - +0 cloak
rCorr    .         Harm     .   (no gloves)
MR       .....                  (no boots)
Stlth    ..........             m - +3 amulet of reflection
HPRegen  0.13/turn              p - ring of protection from cold
MPRegen  0.11/turn              (no ring)

@: no status effects
A: negative energy resistance 1, electricity resistance, unbreathing,
petrification resistance, rot immunity, AC +4
a: Depart the Abyss, Bend Space, Renounce Religion


You were on level 4 of the Dungeon.
You worshipped Lugonu.
Lugonu was pleased with you.
You were hungry.

You visited 1 branch of the dungeon, and saw 4 of its levels.
You visited the Abyss 1 time.

You collected 251 gold pieces.
You spent 44 gold pieces at shops.

Inventory:

Hand Weapons
 a - a +1 hand axe (weapon)
Armour
 k - a +0 cloak (worn)
 l - a +3 ring mail (worn)
Jewellery
 m - a +3 amulet of reflection (around neck)
 p - a ring of protection from cold (left hand)
Wands
 d - a wand of acid (8)
 o - a wand of random effects (23)
Scrolls
 b - 2 scrolls of noise {unknown}
 f - a scroll of immolation {unknown}
 g - 3 scrolls of remove curse
 h - a scroll of enchant weapon {unknown}
 j - a scroll of fear
 n - 2 scrolls of blinking {unknown}
 r - a scroll of identify
 s - a scroll of fog {unknown}
Comestibles
 c - 6 rations
 t - 2 chunks of flesh


   Skills:
 + Level 4.4 Fighting
 * Level 4.0 Axes
 + Level 3.7 Armour
 + Level 2.1 Dodging
 + Level 3.5 Invocations


You had 5 spell levels left.
You didn't know any spells.
Your spell library was empty.

Dungeon Overview and Level Annotations

Branches:
Dungeon (4/15)
 Temple: D:4-7

Altars:
Fedhas
Gozag
Makhleb
Sif Muna
Vehumet

Shops:
D:4 *

Annotations:
D:4 Pikel


Innate Abilities, Weirdness & Mutations

You are resistant to torment.
Your stone body is resilient. (AC +4)
You are immune to poison.
You resist negative energy. (rN+)
You are resistant to electric shocks. (rElec)
You can survive without breathing.
You are immune to petrification.
You are immune to rotting.


Message History

Pikel is lightly wounded.
You closely miss the slave. You hit the slave but do no damage.
You hit the slave. The slave closely misses you. The slave barely misses you.
Pikel hits you with a whip of freezing.
* * * LOW HITPOINT WARNING * * *
You block the slave's attack. The slave closely misses you.
Okay, then.
Eat one of 2 chunks of flesh? (ye/n/q)
Okay, then.
You feel better. The slave hits you.
* * * LOW HITPOINT WARNING * * *
Pikel misses you. The slave hits you but does no damage.
The slave barely misses you.
You hit Pikel.
Pikel is moderately wounded.
You hit the slave. You hit the slave but do no damage.
You closely miss the slave. The slave hits you.
* * * LOW HITPOINT WARNING * * *
Pikel hits you with a whip of freezing.
You die...

#############
.....#######...........#
.....#....##...........#
..........##...........##
..........##.............
..........##.............
...........+.............
.......[p.##.............
.....!.p@.##....#####....
.......Kp.##....#####....
###........#.............
#..........###...........
............###........... ##
..........#..(##...........
.#####...........................
.................................
.................................


You could see Pikel and 3 slaves.

Vanquished Creatures
  A slave (D:4)
  The ghost of Borgoz the Skirmisher, an amateur GrAK of Lugonu (D:3)
  A gnoll sergeant (D:4)
  A crimson imp (D:4)
  2 orc wizards (D:3)
  A worker ant (D:2)
  3 gnolls
  5 adders
  A worm (D:4)
  A dart slug (D:1)
  5 leopard geckos
  13 orcs
  4 bats
  2 giant cockroaches
  5 goblins
  3 hobgoblins (D:3)
  3 jackals (D:1)
  A quokka (D:4)
  4 frilled lizards
  6 kobolds
  7 rats
70 creatures vanquished.

Notes
Turn   | Place    | Note
-------+----------+-------------------------------------------
     0 | Abyss:1  | Borgoz the Gargoyle Abyssal Knight began the quest for the Orb.
     0 | Abyss:1  | Reached XP level 1. HP: 14/14 MP: 2/2
    81 | Abyss:1  | Noticed a lich
    91 | Abyss:2  | Noticed an ancient zyme
   129 | Abyss:2  | Noticed a balrug
   131 | D:1      | Escaped the Abyss
   259 | D:1      | Reached XP level 2. HP: 18/19 MP: 3/3
   279 | D:1      | Reached * piety under Lugonu
   280 | D:1      | Reached skill level 1 in Dodging
  1272 | D:1      | Reached XP level 3. HP: 23/23 MP: 4/4
  1620 | D:2      | Found a blossoming altar of Fedhas.
  1620 | D:2      | Found an opulent altar of Gozag.
  1969 | D:2      | Reached XP level 4. HP: 23/28 MP: 5/5
  2484 | D:3      | Found a burning altar of Makhleb.
  2484 | D:3      | Found a deep blue altar of Sif Muna.
  2529 | D:3      | Reached XP level 5. HP: 28/33 MP: 7/7
  2687 | D:3      | Reached ** piety under Lugonu
  2995 | D:3      | Noticed Borgoz's ghost (amateur GrAK)
  3008 | D:3      | Killed Borgoz's ghost
  3008 | D:3      | Reached XP level 6. HP: 31/38 MP: 8/8
  3651 | D:4      | Found Wifott's Assorted Antiques.
  3664 | D:4      | Bought a scroll of identify for 44 gold pieces
  3879 | D:4      | Found a radiant altar of Vehumet.
  3994 | D:4      | Noticed a slave
  3995 | D:4      | Noticed Pikel
  3996 | D:4      | Noticed a slave
  3996 | D:4      | Noticed a slave
  3998 | D:4      | Noticed a slave
  4012 | D:4      | Killed a slave
  4029 | D:4      | Slain by Pikel

Vault maps used:
D:1:      sevenhm_arrival_forest_fort_large_4, serial_bayou,
          serial_bayou_lagoon_a, serial_bayou_pond_d, serial_bayou_pond_e,
          serial_bayou_shore_b
D:2:      gammafunk_temple_overflow_pools, serial_corexii_hall,
          corexii_hall_statues_x, corexii_hall_statues_s,
          hangedman_abyss_or_decor_stabs, roderic_serpentine_path
D:3:      chequers_temple_overflow_statue_of_worship, solitary_fountain
D:4:      vehumet_crystals, first_ration, serial_shops, shop, serial_glass,
          glass_columns_a, glass_columns_c, uniq_pikel
Abyss:2:  evilmike_abyss_exit_glass

Skill      XL: |  1  2  3  4  5  6 |
---------------+-------------------+-----
Axes           | 2 3 4 |  4.0
Dodging        | 1 2 |  2.1
Armour         | 3 |  3.7
Fighting       | 4 |  4.4
Invocations    | 3 |  3.5

Action                   |  1- 3 |  4- 6 || total
-------------------------+-------+-------++-------
Melee: Hand axe          |   122 |   239 ||   361
Invok: Depart the Abyss  |     1 |       ||     1
  Use: Potion            |       |     9 ||     9
       Scroll            |       |     5 ||     5
  Eat: Chunk             |     4 |     6 ||    10
Armor: Leather armour    |    40 |       ||    40
       Ring mail         |    40 |   144 ||   184
Dodge: Dodged            |   106 |   156 ||   262
Block: Other             |       |    11 ||    11

Table legend:
 A = Spawn XP
 B = Non-spawn XP
 C = Spawn XP percentage of total XP
 D = Spawn monster count
 E = Non-spawn monster count
 F = Spawn count percentage of total count
 G = Total turns spent on level
                    A         B        C        D         E        F      G
               +---------+---------+-------+---------+---------+-------+---------
         Total |       0 |     565 |   0.0 |       0 |      69 |   0.0 |  4029
               +---------+---------+-------+---------+---------+-------+---------
           D:1 |       0 |      39 |   0.0 |       0 |      21 |   0.0 |  1454
           D:2 |       0 |      90 |   0.0 |       0 |      16 |   0.0 |   899
           D:3 |       0 |     261 |   0.0 |       0 |      23 |   0.0 |   795
           D:4 |       0 |     175 |   0.0 |       0 |       9 |   0.0 |   750
               +---------+---------+-------+---------+---------+-------+---------
